 Dungeon Crawl Stone Soup version 0.31-a0-672-g7da72447bb (webtiles) character file.

Game seed: 7301212378318616203

2984 jlumianski the Cleaver (level 9, -1/67 (69) HPs)
             Began as a Demonspawn Fighter on Sept 5, 2023.
             Was a Follower of Qazlal.
             Killed by divine providence
             ... invoked by Jeremiah
              (17 damage)
             ... on level 7 of the Dungeon.
             The game lasted 00:25:22 (6273 turns).

jlumianski the Cleaver (Demonspawn Fighter)         Turns: 6273, Time: 00:25:24

HP:   -1/67 (69)    AC: 23    Str: 20    XL:     9   Next: 53%
MP:   12/12         EV:  8    Int:  9    God:    Qazlal [*.....]
Gold: 318           SH: 11    Dex: 14    Spells: 8/8 levels left

rFire   . . .        a - +1 war axe (vamp)
rCold   . . .        c - +0 buckler
rNeg    + . .        t - +0 chain mail
rPois   .            g - +2 helmet
rElec   .            (no cloak)
rCorr   .            (no gloves)
SInv    +            v - +2 pair of boots
Will    .....        O - amulet of faith Stlth
                     s - ring of see invisible
HPRegen 0.31/turn    Q - ring of positive energy
MPRegen 0.13/turn

%: faith
@: lightly drained
A: slimy green scales 2, icemail 1, condensation shield, weakness stinger 1
a: Renounce Religion


You were on level 7 of the Dungeon.
You worshipped Qazlal.
Qazlal was aware of your devotion.
You visited 2 branches of the dungeon, and saw 8 of its levels.
You also visited: Sewer.

You collected 318 gold pieces.

Inventory:

Hand Weapons
 a - a +1 vampiric war axe (weapon)
 n - a +3 spear
 o - a +0 antimagic quarterstaff
 r - a +2 trident of freezing
 x - a +4 dagger of speed
 D - a +2 heavy spear
 N - a +2 whip of electrocution
Missiles
 k - 19 stones
 A - 7 poisoned darts (quivered)
 H - 3 throwing nets
 P - 6 javelins
Armour
 b - a +0 scale mail
 c - a +0 buckler (worn)
 g - a +2 helmet (worn)
 t - a +0 chain mail (worn)
 v - a +2 pair of boots (worn)
 K - a scarf of harm
Jewellery
 s - a ring of see invisible (left hand)
 G - a +6 ring of intelligence
 O - an amulet of faith (around neck)
 Q - a ring of positive energy (right hand)
Talismans
 m - a flux talisman
 u - a blade talisman
Wands
 w - a wand of polymorph (10)
 F - a wand of paralysis (8)
Scrolls
 f - a scroll of fear
 h - a scroll of amnesia
 l - 2 scrolls of brand weapon
 q - 3 scrolls of enchant weapon
 y - a scroll of torment
 z - a scroll of blinking {unknown}
 C - 3 scrolls of vulnerability {unknown}
 J - a scroll of noise {unknown}
 L - a scroll of poison {unknown}
 M - a scroll of teleportation
Potions
 d - a potion of might
 e - a potion of mutation
 i - a potion of heal wounds
 j - a potion of degeneration
 p - a potion of curing
 B - a potion of invisibility
 E - a potion of lignification {unknown}
 I - a potion of haste {unknown}


   Skills:
 * Level 6.0 Fighting
 + Level 8.4 Axes
 + Level 0.8 Throwing
 + Level 5.0 Armour
 - Level 1.3 Dodging
 + Level 1.0 Stealth
 + Level 5.3 Shields
 + Level 0.3 Unarmed Combat
 * Level 4.9 Invocations


You had 8 spell levels left.
You didn't know any spells.
Your spell library contained the following spells:

 Spells                   Type           Power      Damage    Failure   Level
 Sandblast                Erth           0%         2d4       98%         1
 Passwall                 Tmut/Erth      0%         N/A       99%         2
 Stone Arrow              Conj/Erth      0%         3d7       100%        3


Dungeon Overview and Level Annotations

Branches:
Dungeon (7/15)             Temple (1/1) D:6           Sewer (visited)

Altars:
Ashenzari
Cheibriados
Dithmenos
Fedhas
Gozag
Hepliaklqana
Kikubaaqudgha
Makhleb
Nemelex Xobeh
Okawaru
Qazlal
Ru
Sif Muna
Trog
Uskayaw
Vehumet
Wu Jian
Xom
Yredelemnul

Shops:
D:1 :

Annotations:
D:2 Terence
D:3 Sigmund
D:7 Jeremiah
Temple 2 transporters


Innate Abilities, Weirdness & Mutations

You are mostly covered in slimy green scales. (AC +3)
A meltable icy envelope protects you from harm. (AC +4)
A meltable shield of frost defends you. (SH +4)
You have a small tail.


Message History

You hit the butterfly but do no damage.
The butterfly disappears in a burst of colours!
Jeremiah closely misses you.
The butterfly is engulfed in blazing flames.
You kill the butterfly!
The butterfly disappears in a burst of colours!
You block Jeremiah's attack.
You miss Jeremiah. You tail-slap Jeremiah.
Jeremiah is almost dead.
You hit the butterfly.
You kill the butterfly!
The butterfly disappears in a burst of colours!
You barely miss the butterfly. You miss the butterfly.
The butterfly disappears in a burst of colours! x2
Jeremiah throws their arms up pleadingly.
Something smites you!
You closely miss Jeremiah.
Your tail-slap misses Jeremiah.
Jeremiah is severely wounded.
You closely miss the butterfly. You hit the butterfly.
You kill the butterfly!
The butterfly disappears in a burst of colours!
You slash the butterfly!
You kill the butterfly!
The butterfly disappears in a burst of colours! x2
Jeremiah shouts, "O dreadful one, destroy my foe!"
Something smites you!
* * * LOW HITPOINT WARNING * * *
You slash Jeremiah!
You tail-slap Jeremiah, but do no damage.
Jeremiah is almost dead.
You miss the butterfly. You hit the butterfly.
You kill the butterfly!
The butterfly disappears in a burst of colours!
You slash the butterfly!
You kill the butterfly!
The butterfly disappears in a burst of colours! x2
Jeremiah cries, "Fearful master, protect me!"
Something smites you!
You die...
Jeremiah asks, "What happened?
Did... did you die?"

# #. .# . #. .### #.
. ...#
#.#.#######.#.#
#.##........#.### #
#....b...........
#..#b.bb####†....###
#..b..bF@..#>..#....
#......bb..........#
#.#..#....>#.......#
#.....#..........#
...........:...#..#
#####..##...###.#..#
.....#..... .# ##
.....##b.##.#.#
...## #... .#


You could see Jeremiah.

Vanquished Creatures
  A manticore (D:6)
  A wyvern (D:6)
  A steam dragon (D:6)
  2 vampire mosquitoes (D:6)
  2 water moccasins
  2 black bears
  A sky beast (D:7)
  2 ogres
  A centaur (D:6)
  A phantom (D:5)
  2 bullfrogs (D:6)
  A kobold brigand (Sewer)
  2 scorpions
  A howler monkey (D:3)
  2 jellies
  2 orc priests
  2 gnoll boudas
  4 hounds
  An iguana (D:6)
  2 sleepcaps
  Ijyb (D:3)
  An orc wizard (D:4)
  Robin (D:3)
  13 adders
  15 gnolls
  5 river rats (Sewer)
  An ufetubus (D:6)
  A worm (D:3)
  3 dart slugs
  21 orcs
  10 ball pythons
  4 bats
  7 endoplasms
  5 giant cockroaches
  15 goblins
  15 hobgoblins
  12 jackals
  2 quokkas (D:1)
  5 frilled lizards
  13 kobolds
  8 rats
191 creatures vanquished.

Notes
Turn   | Place    | Note
-------+----------+-------------------------------------------
     0 | D:1      | jlumianski the Demonspawn Fighter began the quest for the
                  | Orb.
     0 | D:1      | Reached XP level 1. HP: 18/18 MP: 1/1
    20 | D:1      | You fall into a shaft and drop 1 floor!
    44 | D:2      | Found a snail-covered altar of Cheibriados.
   108 | D:3      | Noticed Robin
   112 | D:2      | Gained mutation: A meltable shield of frost defends you.
                  | (SH +4) [demonic ancestry]
   112 | D:2      | Reached XP level 2. HP: 20/24 MP: 2/2
   138 | D:2      | Reached skill level 2 in Axes
   181 | D:2      | Gained mutation: A meltable icy envelope protects you from
                  | harm. (AC +4) [demonic ancestry]
   181 | D:2      | Reached XP level 3. HP: 29/29 MP: 3/3
   196 | D:3      | Killed Robin
   471 | D:1      | Gained mutation: You are partially covered in slimy green
                  | scales. (AC +2) [demonic ancestry]
   471 | D:1      | Reached XP level 4. HP: 32/35 MP: 4/4
   706 | D:1      | Found Imo Fiaj's Vocational Training.
   939 | D:2      | Found a faded altar of an unknown god.
  1065 | D:2      | Reached skill level 3 in Axes
  1212 | D:2      | Noticed Terence
  1229 | D:3      | Found an iron altar of Okawaru.
  1251 | D:3      | Found a shimmering altar of Xom.
  1273 | D:3      | Noticed Ijyb
  1347 | D:3      | Reached XP level 5. HP: 18/42 MP: 5/5
  1528 | D:3      | Killed Ijyb
  1643 | D:4      | Reached skill level 1 in Dodging
  1728 | D:4      | Reached skill level 4 in Axes
  1752 | D:4      | Noticed a black bear
  1815 | D:4      | Killed a black bear
  1816 | D:4      | Reached XP level 6. HP: 46/48 MP: 6/6
  1902 | D:4      | Found a glowing drain.
  1913 | Sewer    | Entered a sewer
  2031 | Sewer    | Reached skill level 5 in Axes
  2031 | Sewer    | Reached XP level 7. HP: 49/54 MP: 7/7
  2815 | D:4      | Paralysed by a hobgoblin for 2 turns
  2853 | D:4      | Paralysed by a hobgoblin for 4 turns
  2859 | D:4      | Paralysed by a hobgoblin for 3 turns
  3007 | D:3      | Noticed Sigmund
  3127 | D:4      | Found a radiant altar of Vehumet.
  3409 | D:5      | Entered Level 5 of the Dungeon
  3514 | D:5      | Reached skill level 6 in Axes
  3625 | D:4      | Gained mutation: You have a small tail. [demonic ancestry]
  3625 | D:4      | Reached XP level 8. HP: 34/61 MP: 8/8
  3911 | D:6      | Noticed a manticore
  3945 | D:6      | Reached skill level 5 in Fighting
  3954 | D:6      | Found a staircase to the Ecumenical Temple.
  3963 | Temple   | Found a transporter.
  3963 | Temple   | Found a transporter.
  3963 | Temple   | Found a transporter.
  3963 | Temple   | Found a transporter.
  3963 | Temple   | Entered the Ecumenical Temple
  3983 | Temple   | Became a worshipper of Qazlal Stormbringer
  4556 | D:5      | Reached skill level 1 in Invocations
  4820 | D:5      | Reached skill level 1 in Stealth
  5002 | D:6      | Killed a manticore
  5003 | D:6      | Reached skill level 7 in Axes
  5265 | D:6      | Reached skill level 5 in Shields
  5265 | D:6      | Gained mutation: You are mostly covered in slimy green
                  | scales. (AC +3) [demonic ancestry]
  5265 | D:6      | Reached XP level 9. HP: 68/68 MP: 11/11
  5812 | D:6      | Reached skill level 8 in Axes
  5975 | D:6      | Reached * piety under Qazlal
  6232 | D:7      | Noticed Jeremiah
  6245 | D:7      | Reached skill level 5 in Armour
  6273 | D:7      | Killed from afar by Jeremiah

Illustrated notes

Levels and vault maps discovered:
D:1:      lemuel_arrival_muddy, layout_basic, nicolae_shop_vocational
D:2:      layout_loops_corners, basic_altar, basic_ecumenical_altar,
          minmay_misc_feat_room, nicolae_titane, uniq_terence
D:3:      corexii_shack_village, layout_rooms,
          mainiacjoe_overflow_catwalk_spiral, uniq_robin, uniq_sigmund,
          uniq_ijyb
D:4:      layout_rooms, vehumet_crystals, portal_sewer_entry_d
D:5:      layout_layer_cave
D:6:      layout_gridville, minmay_temple_entry_glassed_door
D:7:      layout_basic, uniq_maggie, uniq_jeremiah
Temple:   hellmonk_temple_divided_pantheon

Skill      XL: |  1  2  3  4  5  6  7  8  9 |
---------------+----------------------------+-----
Axes           | 2 3 4 5 6 7 8 |  8.4
Shields        | 3 4 5 |  5.3
Armour         | 3 4 5 |  5.0
Dodging        | 1 |  1.3
Fighting       | 4 5 6 |  6.0
Invocations    | 3 4 |  4.9
Stealth        | 1 |  1.0
Throwing       | |  0.8
Unarmed Combat | |  0.3

Action                     |  1- 3 |  4- 6 |  7- 9 || total
---------------------------+-------+-------+-------++-------
  Melee: War axe           |    72 |   153 |   402 ||   627
         Unarmed           |       |    14 |       ||    14
         Tailslap          |       |       |    30 ||    30
  Throw: Stone             |       |     5 |       ||     5
         Dart              |       |       |     8 ||     8
    Use: Scroll            |       |     7 |     7 ||    14
         Potion            |       |       |     5 ||     5
 Armour: Scale mail        |    54 |    67 |       ||   121
         Skin              |       |     7 |       ||     7
         Chain mail        |       |    62 |   344 ||   406
  Dodge: Dodged            |    43 |    59 |   160 ||   262
  Block: Buckler           |    54 |    85 |   205 ||   344
         Other             |       |     2 |       ||     2

Table legend: (Time is in decaauts)
 A = Elapsed time spent in this place.
 B = Non-inter-level travel time spent in this place.
 C = Inter-level travel time spent in this place.
 D = Time resting spent in this place.
 E = Time spent auto-exploring this place.
 F = Levels seen in this place.
 G = Mean time per level.
                   A        B        C        D        E       F      G
               +--------+--------+--------+--------+--------+-----+--------+
         Total |   6596 |   6489 |    107 |    481 |   3079 |   9 |  732.9 |
       Dungeon |   5617 |   5510 |    107 |    381 |   2658 |   7 |  802.4 |
        Temple |    140 |    140 |      0 |    100 |      0 |   1 |  140.0 |
         Sewer |    837 |    837 |      0 |      0 |    420 |   1 |  837.0 |
               +--------+--------+--------+--------+--------+-----+--------+

Top non-repeatable levels by time:
     D:6: 1314 daAuts
     D:5: 1112 daAuts
     D:4: 984 daAuts
     D:3: 959 daAuts
   Sewer: 837 daAuts
     D:1: 633 daAuts
     D:2: 549 daAuts
  Temple: 140 daAuts
     D:7: 64 daAuts
